AoeStats
← Pungus

Four Lakes

509514720Analyzed
1v1 RM · 6d ago on Sep 27, 2026· 30m 2s· 2 players
Game mode
Random Map
Map size
Tiny (2 player)
Population
200
Speed
Normal
Resources
Standard
Victory
Conquest
Starting age
Dark Age
Ending age
Imperial Age
RankedLock teamsTeams togetherTeam positionsShared explorationLock speedFull tech treeHidden civsTurbo modeCheats
Victory
Defeat
🇳🇿 Persians · New Zealand
989
+27
🇺🇸 Mongols · United States
1013
-17
Ty
11:15 Feudal Age
15:21 Forging
21:15 Castle Age
19:00 Fishing Lines
19:29 Double-Bit Axe
20:48 Scale Barding Armor
21:57 Loom
22:59 Iron Casting
23:42 Light Cavalry
25:46 Wheelbarrow
Pungus
5:23 Loom
8:32 Feudal Age
12:16 Double-Bit Axe
12:14 Horse Collar
18:13 Forging
20:16 Scale Mail Armor
20:08 Fletching
22:29 Padded Archer Armor
22:31 Scale Mail Armor
22:16 Horse Collar
25:43 Castle Age
26:14 Stone Mining
26:18 Gold Mining
26:37 Pikeman
27:23 Squires
28:47 Iron Casting
28:28 Chain Mail Armor
Connection lost

Rejoining the realm…

Still unreachable

The connection could not be restored.

Session expired

The server has moved on; the page needs a fresh start.